Login

Hershey Bears vs Laval Rocket

Created - 24 March 2024 at 02:14

Goals
1 2 3 T
Hershey Bears 0 4 2 6
Laval Rocket 0 3 1 4
Shots
1 2 3 T
Hershey Bears 2 24 9 35
Laval Rocket 15 15 6 36

GoalsPenalties
1st period
No Goal
No Penalty
2nd period
1. Hershey Bears , Connor McMichael 2 (Vincent Iorio 5, Ethen Frank 4) at 0:50 (PP)
2. Laval Rocket , Owen Beck 7 (Evgeny Svechnikov 9, Tanner Pearson 10) at 0:58
3. Hershey Bears , Matthew Phillips 10 (Joe Snively 11, Alex Limoges 2) at 2:24
4. Laval Rocket , Tanner Pearson 7 (Juraj Slafkovsky 4) at 2:41 (PP)
5. Laval Rocket , Owen Beck 8 (Tanner Pearson 11, Evgeny Svechnikov 10) at 5:23
6. Hershey Bears , Matthew Phillips 11 (Adam Cracknell 2, Joe Snively 12) at 11:24 (PP)
7. Hershey Bears , Connor McMichael 3 (Alex Limoges 3, Matthew Phillips 5) at 15:10 (PP)
Evgeny Svechnikov (LAV) for Hooking (Minor) at 0:15
Pierrick Dube (HER) for Interference (Minor) at 2:39
Curtis McKenzie (LAV) for Hooking (Minor) at 11:15
Tanner Pearson (LAV) for Holding (Minor) at 14:36
3rd period
8. Hershey Bears , Ethen Frank 3 (Connor McMichael 5, Kristians Rubins 1) at 3:40
9. Hershey Bears , Joe Snively 5 (Matthew Phillips 6) at 5:37 (PP)
10. Laval Rocket , Curtis McKenzie 1 (Juraj Slafkovsky 5) at 9:15
Nicolas Beaudin (LAV) for Interference (Minor) at 5:24
Chris Wideman (LAV) for Slashing (Minor) at 7:05
Mitchell Stephens (LAV) for Tripping (Minor) at 14:41
Goalie Stats
Hunter Shepard (HER), 32 saves from 36 shots - (0.889), W, 2-3-0, 60:00 minutes
Joseph Vrbetic (LAV), 29 saves from 35 shots - (0.829), L, 0-2-1, 60:00 minutes
3 StarsOfficial
1 - Matthew Phillips (HER)
2 - Joe Snively (HER)
3 - Connor McMichael (HER)
Referees : Justin St. Pierre and Michael Markovic
Linesman : Trent Knorr and Jeff Walker
Game Note
Owen Beck is injured at 13:41 of 2nd period (Bruised Left Arm)
3:40 of 3rd period - Hershey Bears goal is going for a video replay. After video review, Goal.
Finance
Level 1 -- Attendance: 1315 (65.75%) -- Ticket Income $56,545
Level 2 -- Attendance: 474 (47.40%) -- Ticket Income $10,902
Total Attendance: 1789 (59.63%)
Total Ticket Income: $67,447
Other Income: $33,049
Total Income: $100,496



Team Name Goals Shots Shots Attemp Shots Blocked PIM HIT PP PK FO%
Hershey Bears 6356382284 / 6 (67%)127%
Laval Rocket 436651012151 / 1 (100%)473%

Hershey Bears
Player Name POS G A P +/- PIM HIT SHT SB MP PP MP PP SHT PK MP PK SHT FO% FOT GA TA
Adam CracknellLW0111030018:443:0900:0000% 200
Alex LimogesLW0220021118:202:1400:00050% 200
Chase PriskieD000-1001016:540:0000:0000% 000
CJ SuessLW000-2023215:370:0000:0000% 200
Connor McMichaelC2130004018:092:1420:00050% 600
Dylan McIlrathD000-2041024:443:2700:0200% 011
Ethen FrankRW1120032218:122:1400:0000% 020
Evan PoleiLW000002005:560:0000:0000% 000
Hendrix LapierreC000000002:540:0600:0000% 000
Henrik BorgstromC000-2013016:510:0600:00021% 1900
Ivan ChukarovD000-1030016:540:0000:0000% 001
Joe SnivelyC1231033122:573:1110:02033% 1520
Kristians RubinsD0112020018:222:0200:0000% 001
Lucas JohansenD0002001118:222:0200:0000% 011
Matthew PhillipsRW2241029018:483:0910:02050% 200
Michael SgarbossaC000000306:440:0000:0000% 101
Pierrick DubeRW000-2201016:450:0400:0000% 201
Vincent IorioD011-2013124:443:2700:0200% 002
Laval Rocket
Player Name POS G A P +/- PIM HIT SHT SB MP PP MP PP SHT PK MP PK SHT FO% FOT GA TA
Brady KeeperD000-1000015:380:0002:2600% 000
Chris WidemanD0002224227:060:0201:5100% 002
Curtis McKenzieLW1011231015:550:0000:00060% 500
Emil HeinemanLW000-100008:100:0000:0000% 000
Evgeny SvechnikovLW0221202219:320:0202:5300% 010
Juraj SlafkovskyLW0221013015:420:0200:00050% 200
Justin BarronD000-1001114:440:0000:4600% 000
Lias AnderssonC0000004023:010:0003:26064% 1420
Lucas CondottaLW0000022014:490:0001:1000% 010
Mattias NorlinderD0002021124:060:0202:4700% 002
Mitchell StephensC0001221216:260:0000:1500% 100
Nathan LegareRW000000004:570:0000:0000% 000
Nicolas BeaudinD0000200017:090:0000:4200% 000
Owen BeckC2021015013:070:0000:20080% 1500
Tanner PearsonLW1230216023:560:0211:14075% 441
Wayne SimmondsRW0000015113:500:0000:00089% 900
William TrudeauD0000001121:430:0002:2600% 001
Xavier SimoneauC000-100004:340:0001:400100% 100

Hershey Bears

5 vs 5 Forward
Line #Left WingCenterRight WingPHYDFOFWanted %Time %Time Play
1Adam CracknellJoe SnivelyMatthew Phillips1223030%16:16
2Alex LimogesConnor McMichaelEthen Frank1223031%16:57
3CJ SuessHenrik BorgstromPierrick Dube1223029%15:37
4Evan PoleiMichael SgarbossaJoe Snively1221010%5:39
5 vs 5 Defense
Line #DefenseDefensePHYDFOFWanted %Time %Time Play
1Dylan McIlrathVincent Iorio1224039%21:15
2Lucas JohansenKristians Rubins1223030%16:20
3Chase PriskieIvan Chukarov1223031%16:54
4Dylan McIlrathVincent Iorio12200%0:00
Power Play Forward
Line #Left WingCenterRight WingPHYDFOFWanted %Time %Time Play
1Adam CracknellJoe SnivelyMatthew Phillips1226059%3:15
2Alex LimogesConnor McMichaelEthen Frank1224041%2:14
Power Play Defense
Line #DefenseDefensePHYDFOFWanted %Time %Time Play
1Dylan McIlrathVincent Iorio1226063%3:27
2Lucas JohansenKristians Rubins1224037%2:02
Penalty Kill 4 Players Forward
Line #CenterWingPHYDFOFWanted %Time %Time Play
1Joe SnivelyMatthew Phillips12260100%0:02
2Connor McMichaelAdam Cracknell122400%0:00
Penalty Kill 4 Players Defense
Line #DefenseDefensePHYDFOFWanted %Time %Time Play
1Dylan McIlrathVincent Iorio12260100%0:02
2Lucas JohansenKristians Rubins122400%0:00
Penalty Kill 3 Players
Line #WingPHYDFOFWanted %Time %Time PlayDefenseDefensePHYDFOFWanted %Time %Time Play
1Joe Snively122600%0:00 Dylan McIlrathVincent Iorio122600%0:00
2Matthew Phillips122400%0:00 Lucas JohansenKristians Rubins122400%0:00
4 vs 4 Forward
Line #CenterWingPHYDFOFWanted %Time %Time Play
1Joe SnivelyMatthew Phillips122600%0:00
2Connor McMichaelAdam Cracknell122400%0:00
4 vs 4 Defense
Line #DefensePHYDFOFWanted %Time %Time Play
1Dylan McIlrathVincent Iorio122600%0:00
2Lucas JohansenKristians Rubins122400%0:00
Last Minutes Offensive
Left WingCenterRight WingDefenseDefense
Adam CracknellJoe SnivelyMatthew PhillipsDylan McIlrathVincent Iorio
Last Minutes Defensive
Left WingCenterRight WingDefenseDefense
Adam CracknellJoe SnivelyMatthew PhillipsDylan McIlrathVincent Iorio
Time
Total ForwardTotal DefenseLast Minutes OffensiveLast Minutes Defensive
60:00 60:00 0:000:00
Extra Forwards
Normal PowerPlayPenalty Kill
Hendrix Lapierre, Henrik Borgstrom, Michael SgarbossaHendrix Lapierre, Henrik BorgstromMichael Sgarbossa
Extra Defensemen
Normal PowerPlayPenalty Kill
Chase Priskie, Ivan Chukarov, Lucas JohansenChase Priskie, Ivan ChukarovLucas Johansen
Penalty Shots
Joe Snively, Matthew Phillips, Connor McMichael, Adam Cracknell, Henrik Borgstrom
Goalie
Hunter Shepard, Jon Gillies
Custom OT Lines Forwards
Joe Snively, Matthew Phillips, Connor McMichael, Adam Cracknell, Henrik Borgstrom, Alex Limoges, Michael Sgarbossa, CJ Suess, Ethen Frank, Evan Polei
Custom OT Lines Defensemen
Dylan McIlrath, Vincent Iorio, Lucas Johansen, Kristians Rubins, Chase Priskie
Scratches
Billy Constantinou (Healthy), Pavel Gogolev (Healthy), Patrick Khodorenko (Healthy), Justin Nachbaur (Healthy), Henrik Rybinski (Healthy) Zach Senyshyn (Healthy), Riley Sutter (Healthy), Bogdan Trineyev (Healthy), Kirill Tyutyayev (Healthy), Daniil Zhuravlyov (Healthy) Clay Stevenson (Healthy)

Laval Rocket

5 vs 5 Forward
Line #Left WingCenterRight WingPHYDFOFWanted %Time %Time Play
1Evgeny SvechnikovOwen BeckTanner Pearson1223531%16:38
2Lucas CondottaWayne SimmondsLias Andersson1222528%15:07
3Juraj SlafkovskyCurtis McKenzieMitchell Stephens1222429%15:40
4Emil HeinemanTanner PearsonOwen Beck1221613%7:04
5 vs 5 Defense
Line #DefenseDefensePHYDFOFWanted %Time %Time Play
1Chris WidemanMattias Norlinder1224040%22:02
2William TrudeauNicolas Beaudin1223027%14:55
3Brady KeeperJustin Barron1222024%13:10
4William TrudeauChris Wideman122108%4:22
Power Play Forward
Line #Left WingCenterRight WingPHYDFOFWanted %Time %Time Play
1Evgeny SvechnikovJuraj SlafkovskyTanner Pearson12260100%0:02
2Wayne SimmondsOwen BeckLucas Condotta122400%0:00
Power Play Defense
Line #DefenseDefensePHYDFOFWanted %Time %Time Play
1Chris WidemanMattias Norlinder12260100%0:02
2William TrudeauNicolas Beaudin122400%0:00
Penalty Kill 4 Players Forward
Line #CenterWingPHYDFOFWanted %Time %Time Play
1Lias AnderssonEvgeny Svechnikov1226078%4:15
2Owen BeckTanner Pearson1224022%1:14
Penalty Kill 4 Players Defense
Line #DefenseDefensePHYDFOFWanted %Time %Time Play
1Mattias NorlinderChris Wideman1226056%3:03
2William TrudeauBrady Keeper1224044%2:26
Penalty Kill 3 Players
Line #WingPHYDFOFWanted %Time %Time PlayDefenseDefensePHYDFOFWanted %Time %Time Play
1Tanner Pearson122600%0:00 Chris WidemanMattias Norlinder122600%0:00
2Owen Beck122400%0:00 William TrudeauNicolas Beaudin122400%0:00
4 vs 4 Forward
Line #CenterWingPHYDFOFWanted %Time %Time Play
1Juraj SlafkovskyTanner Pearson122600%0:00
2Owen BeckEvgeny Svechnikov122400%0:00
4 vs 4 Defense
Line #DefensePHYDFOFWanted %Time %Time Play
1Nicolas BeaudinChris Wideman122600%0:00
2William TrudeauMattias Norlinder122400%0:00
Last Minutes Offensive
Left WingCenterRight WingDefenseDefense
Evgeny SvechnikovJuraj SlafkovskyTanner PearsonChris WidemanMattias Norlinder
Last Minutes Defensive
Left WingCenterRight WingDefenseDefense
Evgeny SvechnikovJuraj SlafkovskyTanner PearsonChris WidemanMattias Norlinder
Time
Total ForwardTotal DefenseLast Minutes OffensiveLast Minutes Defensive
60:00 60:00 0:000:00
Extra Forwards
Normal PowerPlayPenalty Kill
Tanner Pearson, Lias Andersson, Owen BeckEvgeny Svechnikov, Owen BeckOwen Beck
Extra Defensemen
Normal PowerPlayPenalty Kill
William Trudeau, Chris Wideman, Mattias NorlinderWilliam Trudeau, Nicolas BeaudinWilliam Trudeau
Penalty Shots
Owen Beck, Lias Andersson, Curtis McKenzie, Mitchell Stephens, Evgeny Svechnikov
Goalie
Joseph Vrbetic, Dylan Ferguson
Custom OT Lines Forwards
Lias Andersson, Curtis McKenzie, Mitchell Stephens, Evgeny Svechnikov, Juraj Slafkovsky, Tanner Pearson, Owen Beck, Lucas Condotta, Wayne Simmonds, Emil Heineman
Custom OT Lines Defensemen
Chris Wideman, Nicolas Beaudin, William Trudeau, Brady Keeper, Mattias Norlinder
Scratches
Sean Farrell (Herniated Disc Injury), Filip Mesar (Healthy), Jan Mysak (Healthy), Jayden Struble (Healthy)


Play-by-Play

1st period


0:01 of 1st period - Owen Beck wins face-off versus Matthew Phillips in neutral zone.
0:14 of 1st period - Slapshot by Matthew Phillips.
0:14 of 1st period - Stopped by Joseph Vrbetic with a rebound.
0:17 of 1st period - Icing by Tanner Pearson.
0:18 of 1st period - Connor McMichael wins face-off versus Owen Beck in Laval Rocket zone.
0:43 of 1st period - Owen Beck is hit by Kristians Rubins and loses puck.
0:52 of 1st period - Snap shot by Evgeny Svechnikov.
0:52 of 1st period - Stopped by Hunter Shepard with a rebound.
0:54 of 1st period - Snap shot by Owen Beck.
0:54 of 1st period - Shot Misses the Net.
0:56 of 1st period - Slapshot by Chris Wideman.
0:56 of 1st period - Deflect By Joe Snively.
0:56 of 1st period - Stopped by Hunter Shepard without a rebound.
0:57 of 1st period - Wayne Simmonds wins face-off versus Henrik Borgstrom in Hershey Bears zone.
0:58 of 1st period - Snap shot by Lias Andersson.
0:58 of 1st period - Stopped by Hunter Shepard without a rebound.
0:59 of 1st period - Wayne Simmonds wins face-off versus Henrik Borgstrom in Hershey Bears zone.
2:30 of 1st period - Snap shot by Joe Snively.
2:30 of 1st period - Shot Misses the Net.
2:32 of 1st period - Wrist shot by Joe Snively.
2:32 of 1st period - Shot Misses the Net.
2:58 of 1st period - Lucas Johansen is hit by Wayne Simmonds and loses puck.
4:24 of 1st period - Slapshot by Vincent Iorio.
4:24 of 1st period - Stopped by Joseph Vrbetic with a rebound.
4:26 of 1st period - Slapshot by Vincent Iorio.
4:26 of 1st period - Shot Blocked by Evgeny Svechnikov.
5:02 of 1st period - Curtis McKenzie is hit by Evan Polei and loses puck.
5:15 of 1st period - Lias Andersson is hit by Ivan Chukarov and loses puck.
5:56 of 1st period - Tanner Pearson is hit by Evan Polei and loses puck.
6:48 of 1st period - Lucas Condotta is hit by Matthew Phillips and loses puck.
7:13 of 1st period - Mattias Norlinder is hit by Joe Snively and loses puck.
8:13 of 1st period - Owen Beck is hit by Ivan Chukarov and loses puck.
10:09 of 1st period - Wrist shot by Wayne Simmonds.
10:09 of 1st period - Stopped by Hunter Shepard with a rebound.
10:11 of 1st period - Snap shot by Justin Barron.
10:11 of 1st period - Shot Misses the Net.
10:13 of 1st period - Slapshot by Justin Barron.
10:13 of 1st period - Stopped by Hunter Shepard with a rebound.
10:15 of 1st period - Slapshot by Wayne Simmonds.
10:15 of 1st period - Shot Misses the Net.
10:27 of 1st period - Tanner Pearson is hit by Adam Cracknell and loses puck.
10:52 of 1st period - Vincent Iorio is hit by Owen Beck and loses puck.
11:00 of 1st period - Icing by Dylan McIlrath.
11:01 of 1st period - Wayne Simmonds wins face-off versus Connor McMichael in Hershey Bears zone.
11:04 of 1st period - Snap shot by Lias Andersson.
11:04 of 1st period - Shot Misses the Net.
11:06 of 1st period - Snap shot by Lias Andersson.
11:06 of 1st period - Deflect By Vincent Iorio.
11:06 of 1st period - Shot Misses the Net.
11:06 of 1st period - Puck is out of play.
11:07 of 1st period - Connor McMichael wins face-off versus Wayne Simmonds in Hershey Bears zone.
11:32 of 1st period - Slapshot by Lias Andersson.
11:32 of 1st period - Stopped by Hunter Shepard with a rebound.
11:34 of 1st period - Slapshot by Wayne Simmonds.
11:34 of 1st period - Stopped by Hunter Shepard with a rebound.
11:38 of 1st period - Backhand shot by Lias Andersson.
11:38 of 1st period - Stopped by Hunter Shepard with a rebound.
11:40 of 1st period - Wrist shot by Lias Andersson.
11:40 of 1st period - Stopped by Hunter Shepard with a rebound.
11:42 of 1st period - Snap shot by Lias Andersson.
11:42 of 1st period - Shot Blocked by Ethen Frank.
11:44 of 1st period - Slapshot by Lias Andersson.
11:44 of 1st period - Shot Blocked by Alex Limoges.
12:00 of 1st period - Wrist shot by Lucas Condotta.
12:00 of 1st period - Stopped by Hunter Shepard without a rebound.
12:01 of 1st period - Owen Beck wins face-off versus Joe Snively in Hershey Bears zone.
12:06 of 1st period - Wrist shot by Evgeny Svechnikov.
12:06 of 1st period - Shot Misses the Net.
12:08 of 1st period - Snap shot by Evgeny Svechnikov.
12:08 of 1st period - Shot Misses the Net.
12:10 of 1st period - Snap shot by Chris Wideman.
12:10 of 1st period - Deflect By Tanner Pearson.
12:10 of 1st period - Shot Blocked by Joe Snively.
12:10 of 1st period - Puck is out of play.
12:11 of 1st period - Owen Beck wins face-off versus Joe Snively in Hershey Bears zone.
12:14 of 1st period - Slapshot by Evgeny Svechnikov.
12:14 of 1st period - Stopped by Hunter Shepard with a rebound.
12:16 of 1st period - Slapshot by Owen Beck.
12:16 of 1st period - Stopped by Hunter Shepard with a rebound.
12:24 of 1st period - Snap shot by Owen Beck.
12:24 of 1st period - Stopped by Hunter Shepard without a rebound.
12:25 of 1st period - Owen Beck wins face-off versus CJ Suess in Hershey Bears zone.
12:36 of 1st period - Wrist shot by Evgeny Svechnikov.
12:36 of 1st period - Shot Misses the Net.
12:44 of 1st period - Tanner Pearson is hit by Henrik Borgstrom and loses puck.
13:28 of 1st period - Adam Cracknell is hit by Chris Wideman and loses puck.
13:41 of 1st period - Wrist shot by Justin Barron.
13:41 of 1st period - Shot Misses the Net.
13:43 of 1st period - Snap shot by Wayne Simmonds.
13:43 of 1st period - Stopped by Hunter Shepard with a rebound.
13:45 of 1st period - Snap shot by Wayne Simmonds.
13:45 of 1st period - Shot Blocked by Lucas Johansen.
13:47 of 1st period - Slapshot by Wayne Simmonds.
13:47 of 1st period - Stopped by Hunter Shepard with a rebound.
14:39 of 1st period - Icing by Joe Snively.
14:40 of 1st period - Tanner Pearson wins face-off versus Michael Sgarbossa in Hershey Bears zone.
14:59 of 1st period - CJ Suess is hit by Mattias Norlinder and loses puck.
16:03 of 1st period - Lucas Condotta is hit by Dylan McIlrath and loses puck.
16:29 of 1st period - Owen Beck is hit by Kristians Rubins and loses puck.
17:05 of 1st period - Juraj Slafkovsky is hit by Adam Cracknell and loses puck.
17:51 of 1st period - Chris Wideman is hit by Matthew Phillips and loses puck.
18:04 of 1st period - Owen Beck is hit by Alex Limoges and loses puck.
18:21 of 1st period - Joe Snively is hit by Juraj Slafkovsky and loses puck.
19:54 of 1st period - Slapshot by Vincent Iorio.
19:54 of 1st period - Shot Blocked by Wayne Simmonds.
Goals for this period are 0 for Hershey Bears vs 0 for Laval Rocket.
Shots for this period are 2 for Hershey Bears vs 15 for Laval Rocket.

2nd period


0:01 of 2nd period - Matthew Phillips wins face-off versus Owen Beck in neutral zone.
0:15 of 2nd period - Minor Penalty to Evgeny Svechnikov for Hooking.
0:16 of 2nd period - Lias Andersson wins face-off versus Joe Snively in Laval Rocket zone.
0:44 of 2nd period - Slapshot by Ethen Frank.
0:44 of 2nd period - Shot Misses the Net.
0:46 of 2nd period - Slapshot by Vincent Iorio.
0:46 of 2nd period - Shot Misses the Net.
0:48 of 2nd period - Slapshot by Vincent Iorio.
0:48 of 2nd period - Shot Blocked by Chris Wideman.
0:50 of 2nd period - Wrist shot by Connor McMichael.
0:50 of 2nd period - Goal by Connor McMichael - Hershey Bears : 1 - Laval Rocket : 0.
0:51 of 2nd period - Owen Beck wins face-off versus Henrik Borgstrom in neutral zone.
0:54 of 2nd period - Wrist shot by Evgeny Svechnikov.
0:54 of 2nd period - Shot Blocked by CJ Suess.
0:56 of 2nd period - Snap shot by Evgeny Svechnikov.
0:56 of 2nd period - Shot Misses the Net.
0:58 of 2nd period - Snap shot by Owen Beck.
0:58 of 2nd period - Goal by Owen Beck - Hershey Bears : 1 - Laval Rocket : 1.
0:59 of 2nd period - Joe Snively wins face-off versus Owen Beck in neutral zone.
1:03 of 2nd period - Off-side.
1:04 of 2nd period - Owen Beck wins face-off versus Joe Snively in neutral zone.
1:29 of 2nd period - Snap shot by Juraj Slafkovsky.
1:29 of 2nd period - Shot Misses the Net.
1:41 of 2nd period - Dylan McIlrath is hit by Chris Wideman and loses puck.
1:56 of 2nd period - Slapshot by Ethen Frank.
1:56 of 2nd period - Stopped by Joseph Vrbetic with a rebound.
2:06 of 2nd period - Wrist shot by Lias Andersson.
2:06 of 2nd period - Shot Misses the Net.
2:22 of 2nd period - Wrist shot by Matthew Phillips.
2:22 of 2nd period - Stopped by Joseph Vrbetic with a rebound.
2:24 of 2nd period - Snap shot by Matthew Phillips.
2:24 of 2nd period - Goal by Matthew Phillips - Hershey Bears : 2 - Laval Rocket : 1.
2:25 of 2nd period - Owen Beck wins face-off versus Henrik Borgstrom in neutral zone.
2:31 of 2nd period - Tanner Pearson is hit by CJ Suess and loses puck.
2:39 of 2nd period - Minor Penalty to Pierrick Dube for Interference.
2:40 of 2nd period - Juraj Slafkovsky wins face-off versus Joe Snively in Hershey Bears zone.
2:41 of 2nd period - Snap shot by Tanner Pearson.
2:41 of 2nd period - Goal by Tanner Pearson - Hershey Bears : 2 - Laval Rocket : 2.
2:42 of 2nd period - Owen Beck wins face-off versus Joe Snively in neutral zone.
2:53 of 2nd period - Wrist shot by Joe Snively.
2:53 of 2nd period - Shot Misses the Net.
2:55 of 2nd period - Snap shot by Adam Cracknell.
2:55 of 2nd period - Shot Blocked by William Trudeau.
2:57 of 2nd period - Snap shot by Joe Snively.
2:57 of 2nd period - Stopped by Joseph Vrbetic with a rebound.
3:07 of 2nd period - Evgeny Svechnikov is hit by Dylan McIlrath and loses puck.
3:14 of 2nd period - Wrist shot by Connor McMichael.
3:14 of 2nd period - Shot Blocked by Evgeny Svechnikov.
3:19 of 2nd period - Off-side.
3:20 of 2nd period - Henrik Borgstrom wins face-off versus Curtis McKenzie in neutral zone.
3:31 of 2nd period - Snap shot by Henrik Borgstrom.
3:31 of 2nd period - Shot Misses the Net.
3:33 of 2nd period - Slapshot by Henrik Borgstrom.
3:33 of 2nd period - Shot Misses the Net.
4:13 of 2nd period - Off-side.
4:14 of 2nd period - Henrik Borgstrom wins face-off versus Curtis McKenzie in neutral zone.
4:19 of 2nd period - Snap shot by Pierrick Dube.
4:19 of 2nd period - Stopped by Joseph Vrbetic with a rebound.
4:41 of 2nd period - Chris Wideman is hit by Joe Snively and loses puck.
5:23 of 2nd period - Snap shot by Owen Beck.
5:23 of 2nd period - Goal by Owen Beck - Hershey Bears : 2 - Laval Rocket : 3.
5:24 of 2nd period - Wayne Simmonds wins face-off versus Pierrick Dube in neutral zone.
5:32 of 2nd period - Slapshot by Vincent Iorio.
5:32 of 2nd period - Stopped by Joseph Vrbetic with a rebound.
5:38 of 2nd period - Wrist shot by Pierrick Dube.
5:38 of 2nd period - Shot Hit the Post.
5:52 of 2nd period - Snap shot by Juraj Slafkovsky.
5:52 of 2nd period - Stopped by Hunter Shepard with a rebound.
5:58 of 2nd period - Curtis McKenzie is hit by Dylan McIlrath and loses puck.
6:15 of 2nd period - Wrist shot by Tanner Pearson.
6:15 of 2nd period - Shot Blocked by Ethen Frank.
6:21 of 2nd period - Tanner Pearson is hit by Ethen Frank and loses puck.
6:36 of 2nd period - Evan Polei is hit by Lucas Condotta and loses puck.
7:57 of 2nd period - Off-side.
7:58 of 2nd period - Curtis McKenzie wins face-off versus Joe Snively in neutral zone.
8:20 of 2nd period - Adam Cracknell is hit by Curtis McKenzie and loses puck.
8:42 of 2nd period - Icing by Dylan McIlrath.
8:43 of 2nd period - Owen Beck wins face-off versus Adam Cracknell in Hershey Bears zone.
8:48 of 2nd period - Slapshot by Tanner Pearson.
8:48 of 2nd period - Stopped by Hunter Shepard with a rebound.
8:50 of 2nd period - Snap shot by Evgeny Svechnikov.
8:50 of 2nd period - Shot Misses the Net.
8:52 of 2nd period - Slapshot by William Trudeau.
8:52 of 2nd period - Stopped by Hunter Shepard with a rebound.
9:00 of 2nd period - Snap shot by Tanner Pearson.
9:00 of 2nd period - Stopped by Hunter Shepard without a rebound.
9:01 of 2nd period - Wayne Simmonds wins face-off versus Henrik Borgstrom in Hershey Bears zone.
9:02 of 2nd period - Snap shot by Lucas Condotta.
9:02 of 2nd period - Shot Blocked by CJ Suess.
9:04 of 2nd period - Snap shot by Lucas Condotta.
9:04 of 2nd period - Stopped by Hunter Shepard without a rebound.
9:05 of 2nd period - Wayne Simmonds wins face-off versus Henrik Borgstrom in Hershey Bears zone.
9:06 of 2nd period - Snap shot by Lucas Condotta.
9:06 of 2nd period - Shot Misses the Net.
9:08 of 2nd period - Slapshot by Chris Wideman.
9:08 of 2nd period - Stopped by Hunter Shepard with a rebound.
9:10 of 2nd period - Wrist shot by Wayne Simmonds.
9:10 of 2nd period - Stopped by Hunter Shepard with a rebound.
9:12 of 2nd period - Wrist shot by Lias Andersson.
9:12 of 2nd period - Shot Misses the Net.
9:14 of 2nd period - Snap shot by Mattias Norlinder.
9:14 of 2nd period - Stopped by Hunter Shepard without a rebound.
9:15 of 2nd period - Owen Beck wins face-off versus Henrik Borgstrom in Hershey Bears zone.
9:16 of 2nd period - Snap shot by Evgeny Svechnikov.
9:16 of 2nd period - Shot Blocked by Vincent Iorio.
9:48 of 2nd period - Wrist shot by Connor McMichael.
9:48 of 2nd period - Stopped by Joseph Vrbetic with a rebound.
9:50 of 2nd period - Wrist shot by Alex Limoges.
9:50 of 2nd period - Shot Misses the Net.
10:20 of 2nd period - Snap shot by Tanner Pearson.
10:20 of 2nd period - Deflect By Owen Beck.
10:20 of 2nd period - Stopped by Hunter Shepard with a rebound.
10:22 of 2nd period - Slapshot by Tanner Pearson.
10:22 of 2nd period - Stopped by Hunter Shepard without a rebound.
10:23 of 2nd period - Owen Beck wins face-off versus Pierrick Dube in Hershey Bears zone.
10:28 of 2nd period - Slapshot by Tanner Pearson.
10:28 of 2nd period - Shot Misses the Net.
10:36 of 2nd period - Wrist shot by CJ Suess.
10:36 of 2nd period - Stopped by Joseph Vrbetic with a rebound.
10:48 of 2nd period - Justin Barron is hit by Ethen Frank and loses puck.
11:15 of 2nd period - Wrist shot by Juraj Slafkovsky.
11:15 of 2nd period - Stopped by Hunter Shepard without a rebound.
11:15 of 2nd period - Minor Penalty to Curtis McKenzie for Hooking.
11:16 of 2nd period - Joe Snively wins face-off versus Lias Andersson in Laval Rocket zone.
11:22 of 2nd period - Snap shot by Adam Cracknell.
11:22 of 2nd period - Shot Blocked by Mattias Norlinder.
11:24 of 2nd period - Snap shot by Matthew Phillips.
11:24 of 2nd period - Goal by Matthew Phillips - Hershey Bears : 3 - Laval Rocket : 3.
11:25 of 2nd period - Owen Beck wins face-off versus Henrik Borgstrom in neutral zone.
11:34 of 2nd period - CJ Suess is hit by Tanner Pearson.
12:13 of 2nd period - Icing by Lias Andersson.
12:14 of 2nd period - Joe Snively wins face-off versus Juraj Slafkovsky in Laval Rocket zone.
13:04 of 2nd period - Slapshot by Dylan McIlrath.
13:04 of 2nd period - Deflect By Lucas Condotta.
13:04 of 2nd period - Stopped by Joseph Vrbetic with a rebound.
13:26 of 2nd period - Snap shot by Joe Snively.
13:26 of 2nd period - Shot Misses the Net.
13:28 of 2nd period - Wrist shot by Michael Sgarbossa.
13:28 of 2nd period - Stopped by Joseph Vrbetic with a rebound.
13:30 of 2nd period - Snap shot by Michael Sgarbossa.
13:30 of 2nd period - Stopped by Joseph Vrbetic with a rebound.
13:32 of 2nd period - Snap shot by Michael Sgarbossa.
13:32 of 2nd period - Stopped by Joseph Vrbetic with a rebound.
13:34 of 2nd period - Snap shot by Joe Snively.
13:34 of 2nd period - Deflect By Michael Sgarbossa.
13:34 of 2nd period - Shot Blocked by Justin Barron.
13:34 of 2nd period - Puck is out of play.
13:35 of 2nd period - Tanner Pearson wins face-off versus Henrik Borgstrom in Laval Rocket zone.
13:40 of 2nd period - Owen Beck is hit by CJ Suess and loses puck.
13:41 of 2nd period - Owen Beck from Laval Rocket is injured at 13:41 of 2nd period (Bruised Left Arm).
13:42 of 2nd period - Lias Andersson wins face-off versus Henrik Borgstrom in Laval Rocket zone.
14:07 of 2nd period - Alex Limoges is hit by Curtis McKenzie and loses puck.
14:12 of 2nd period - Wrist shot by Juraj Slafkovsky.
14:12 of 2nd period - Shot Misses the Net.
14:16 of 2nd period - Snap shot by Juraj Slafkovsky.
14:16 of 2nd period - Stopped by Hunter Shepard with a rebound.
14:34 of 2nd period - Wrist shot by Matthew Phillips.
14:34 of 2nd period - Stopped by Joseph Vrbetic with a rebound.
14:36 of 2nd period - Minor Penalty to Tanner Pearson for Holding.
14:37 of 2nd period - Lias Andersson wins face-off versus Adam Cracknell in Laval Rocket zone.
14:37 of 2nd period - Lias Andersson is hit by Vincent Iorio.
14:47 of 2nd period - Lias Andersson is hit by Dylan McIlrath.
15:08 of 2nd period - Snap shot by Alex Limoges.
15:08 of 2nd period - Shot Misses the Net.
15:10 of 2nd period - Snap shot by Connor McMichael.
15:10 of 2nd period - Goal by Connor McMichael - Hershey Bears : 4 - Laval Rocket : 3.
15:11 of 2nd period - Tanner Pearson wins face-off versus Henrik Borgstrom in neutral zone.
15:13 of 2nd period - Off-side.
15:14 of 2nd period - Henrik Borgstrom wins face-off versus Tanner Pearson in neutral zone.
15:19 of 2nd period - Snap shot by Pierrick Dube.
15:19 of 2nd period - Shot Misses the Net.
15:41 of 2nd period - Mattias Norlinder is hit by Joe Snively and loses puck.
16:42 of 2nd period - Snap shot by CJ Suess.
16:42 of 2nd period - Stopped by Joseph Vrbetic with a rebound.
16:46 of 2nd period - Snap shot by Henrik Borgstrom.
16:46 of 2nd period - Stopped by Joseph Vrbetic with a rebound.
16:48 of 2nd period - Snap shot by Henrik Borgstrom.
16:48 of 2nd period - Stopped by Joseph Vrbetic with a rebound.
16:50 of 2nd period - Wrist shot by CJ Suess.
16:50 of 2nd period - Shot Misses the Net.
17:00 of 2nd period - Slapshot by Matthew Phillips.
17:00 of 2nd period - Stopped by Joseph Vrbetic without a rebound.
17:01 of 2nd period - Wayne Simmonds wins face-off versus Joe Snively in Laval Rocket zone.
17:15 of 2nd period - Icing by Adam Cracknell.
17:16 of 2nd period - Lias Andersson wins face-off versus Joe Snively in Hershey Bears zone.
17:50 of 2nd period - Slapshot by Joe Snively.
17:50 of 2nd period - Shot Misses the Net.
17:52 of 2nd period - Snap shot by Matthew Phillips.
17:52 of 2nd period - Stopped by Joseph Vrbetic with a rebound.
17:54 of 2nd period - Slapshot by Chase Priskie.
17:54 of 2nd period - Stopped by Joseph Vrbetic with a rebound.
17:56 of 2nd period - Snap shot by Matthew Phillips.
17:56 of 2nd period - Stopped by Joseph Vrbetic with a rebound.
18:00 of 2nd period - Snap shot by Matthew Phillips.
18:00 of 2nd period - Stopped by Joseph Vrbetic without a rebound.
18:01 of 2nd period - Alex Limoges wins face-off versus Lias Andersson in Laval Rocket zone.
18:17 of 2nd period - Icing by Nicolas Beaudin.
18:18 of 2nd period - Lias Andersson wins face-off versus Henrik Borgstrom in Laval Rocket zone.
18:32 of 2nd period - Icing by Pierrick Dube.
18:33 of 2nd period - Lias Andersson wins face-off versus Henrik Borgstrom in Hershey Bears zone.
19:59 of 2nd period - Curtis McKenzie is hit by Alex Limoges.
Goals for this period are 4 for Hershey Bears vs 3 for Laval Rocket.
Shots for this period are 24 for Hershey Bears vs 15 for Laval Rocket.

3rd period


0:01 of 3rd period - Lias Andersson wins face-off versus Alex Limoges in neutral zone.
0:16 of 3rd period - Slapshot by Alex Limoges.
0:16 of 3rd period - Stopped by Joseph Vrbetic with a rebound.
0:26 of 3rd period - Tanner Pearson is hit by Adam Cracknell.
0:42 of 3rd period - Slapshot by Chris Wideman.
0:42 of 3rd period - Stopped by Hunter Shepard with a rebound.
0:44 of 3rd period - Slapshot by Chris Wideman.
0:44 of 3rd period - Shot Misses the Net.
0:46 of 3rd period - Wrist shot by Lias Andersson.
0:46 of 3rd period - Shot Misses the Net.
0:48 of 3rd period - Slapshot by Evgeny Svechnikov.
0:48 of 3rd period - Shot Misses the Net.
1:06 of 3rd period - Snap shot by Tanner Pearson.
1:06 of 3rd period - Stopped by Hunter Shepard without a rebound.
1:07 of 3rd period - Curtis McKenzie wins face-off versus Henrik Borgstrom in Hershey Bears zone.
1:10 of 3rd period - Slapshot by Chris Wideman.
1:10 of 3rd period - Deflect By Mitchell Stephens.
1:10 of 3rd period - Stopped by Hunter Shepard with a rebound.
1:12 of 3rd period - Slapshot by Chris Wideman.
1:12 of 3rd period - Stopped by Hunter Shepard with a rebound.
1:20 of 3rd period - Snap shot by Pierrick Dube.
1:20 of 3rd period - Shot Blocked by Mitchell Stephens.
2:07 of 3rd period - Wayne Simmonds is hit by Ivan Chukarov and loses puck.
2:15 of 3rd period - Off-side.
2:16 of 3rd period - Connor McMichael wins face-off versus Mitchell Stephens in neutral zone.
2:23 of 3rd period - Slapshot by Lucas Johansen.
2:23 of 3rd period - Stopped by Joseph Vrbetic with a rebound.
2:48 of 3rd period - Snap shot by Tanner Pearson.
2:48 of 3rd period - Shot Misses the Net.
3:38 of 3rd period - Snap shot by Connor McMichael.
3:38 of 3rd period - Stopped by Joseph Vrbetic with a rebound.
3:40 of 3rd period - Slapshot by Ethen Frank.
3:40 of 3rd period - Hershey Bears goal is going for a video replay.
3:40 of 3rd period - The goal is good.
3:40 of 3rd period - Goal by Ethen Frank - Hershey Bears : 5 - Laval Rocket : 3.
3:41 of 3rd period - Wayne Simmonds wins face-off versus Connor McMichael in neutral zone.
5:24 of 3rd period - Minor Penalty to Nicolas Beaudin for Interference.
5:25 of 3rd period - Lias Andersson wins face-off versus Joe Snively in Laval Rocket zone.
5:37 of 3rd period - Wrist shot by Joe Snively.
5:37 of 3rd period - Goal by Joe Snively - Hershey Bears : 6 - Laval Rocket : 3.
5:38 of 3rd period - Lias Andersson wins face-off versus Henrik Borgstrom in neutral zone.
6:03 of 3rd period - Dylan McIlrath is hit by Mitchell Stephens and loses puck.
7:05 of 3rd period - Minor Penalty to Chris Wideman for Slashing.
7:06 of 3rd period - Joe Snively wins face-off versus Lias Andersson in Laval Rocket zone.
8:14 of 3rd period - Lucas Johansen is hit by Lucas Condotta and loses puck.
9:05 of 3rd period - Penalty to Chris Wideman is over, Chris Wideman is back on ice.
9:13 of 3rd period - Snap shot by Tanner Pearson.
9:13 of 3rd period - Stopped by Hunter Shepard without a rebound.
9:14 of 3rd period - Curtis McKenzie wins face-off versus CJ Suess in Hershey Bears zone.
9:15 of 3rd period - Slapshot by Juraj Slafkovsky.
9:15 of 3rd period - Deflect By Curtis McKenzie.
9:15 of 3rd period - Goal by Curtis McKenzie - Hershey Bears : 6 - Laval Rocket : 4.
9:16 of 3rd period - Henrik Borgstrom wins face-off versus Lias Andersson in neutral zone.
9:24 of 3rd period - Wrist shot by CJ Suess.
9:24 of 3rd period - Shot Misses the Net.
9:26 of 3rd period - Backhand shot by Vincent Iorio.
9:26 of 3rd period - Stopped by Joseph Vrbetic with a rebound.
9:28 of 3rd period - Slapshot by CJ Suess.
9:28 of 3rd period - Shot Misses the Net.
9:30 of 3rd period - Backhand shot by Henrik Borgstrom.
9:30 of 3rd period - Stopped by Joseph Vrbetic with a rebound.
9:32 of 3rd period - Snap shot by CJ Suess.
9:32 of 3rd period - Stopped by Joseph Vrbetic with a rebound.
10:30 of 3rd period - CJ Suess is hit by Mitchell Stephens and loses puck.
11:21 of 3rd period - Curtis McKenzie is hit by Ethen Frank and loses puck.
12:48 of 3rd period - Off-side.
12:49 of 3rd period - Xavier Simoneau wins face-off versus Connor McMichael in neutral zone.
14:05 of 3rd period - Slapshot by Joe Snively.
14:05 of 3rd period - Stopped by Joseph Vrbetic with a rebound.
14:21 of 3rd period - Slapshot by CJ Suess.
14:21 of 3rd period - Shot Blocked by Chris Wideman.
14:31 of 3rd period - Wrist shot by Connor McMichael.
14:31 of 3rd period - Shot Misses the Net.
14:33 of 3rd period - Wrist shot by Ethen Frank.
14:33 of 3rd period - Shot Misses the Net.
14:35 of 3rd period - Slapshot by Chase Priskie.
14:35 of 3rd period - Shot Blocked by Mitchell Stephens.
14:41 of 3rd period - Minor Penalty to Mitchell Stephens for Tripping.
14:42 of 3rd period - Joe Snively wins face-off versus Lias Andersson in Laval Rocket zone.
15:20 of 3rd period - Lucas Johansen is hit by Mattias Norlinder and loses puck.
16:41 of 3rd period - Penalty to Mitchell Stephens is over, Mitchell Stephens is back on ice.
18:10 of 3rd period - Joe Snively is hit by Curtis McKenzie and loses puck.
Goals for this period are 2 for Hershey Bears vs 1 for Laval Rocket.
Shots for this period are 9 for Hershey Bears vs 6 for Laval Rocket.